 Dungeon Crawl Stone Soup version 0.30-a0-586-g23e55c9e0a (webtiles) character file.

Game seed: 4395540247355400974

23 wormed the Zephyrmancer (level 3, -1/25 HPs)
             Began as a Gnoll Wanderer on Jan 4, 2023.
             Slain by a goblin
             ... wielding a +0 club
             ... led by Robin
              (6 damage)
             ... on level 2 of the Dungeon.
             The game lasted 00:01:26 (680 turns).

wormed the Zephyrmancer (Gnoll Wanderer)             Turns: 680, Time: 00:01:27

Health: -1/25      AC:  3    Str: 12    XL:     3   Next: 0%
Magic:  7/9        EV: 13    Int: 11    God:
Gold:   44         SH:  0    Dex: 12    Spells: 11/12 levels left

rFire   . . .      SeeInvis .    a - +0 mace
rCold   . . .      Faith    .    (no shield)
rNeg    . . .      Spirit   .    d - +0 robe
rPois   .          Reflect  .    (no helmet)
rElec   .          Harm     .    b - +0 cloak
rCorr   .          Rampage  .    (no gloves)
Will    .....                    (no boots)
Stlth   +                        (no amulet)
HPRegen 0.24/turn                (no ring)
MPRegen 0.11/turn                (no ring)

@: no status effects
A: fangs 1, strong nose, distributed training
a: no special abilities


You were on level 2 of the Dungeon.
You visited 1 branch of the dungeon, and saw 2 of its levels.

You collected 44 gold pieces.

Inventory:

Hand Weapons
 a - a +0 mace (weapon)
Missiles
 i - 4 poisoned darts
Armour
 b - a +0 cloak (worn)
 d - a +0 robe (worn)
Scrolls
 c - a scroll of vulnerability
 e - a scroll of poison
 f - a scroll of fog {unknown}
 g - a scroll of brand weapon {unknown}
 h - a scroll of identify
 j - a scroll of enchant weapon {unknown}
 k - a scroll of fear {unknown}
 l - a scroll of enchant armour {unknown}


   Skills:
 + Level 0.6 Fighting
 + Level 0.6 Short Blades
 + Level 0.6 Long Blades
 + Level 0.6 Axes
 + Level 2.5 Maces & Flails
 + Level 0.6 Polearms
 + Level 0.6 Staves
 + Level 0.6 Ranged Weapons
 + Level 0.6 Throwing
 + Level 0.6 Armour
 + Level 4.5 Dodging
 + Level 0.6 Stealth
 + Level 0.6 Shields
 + Level 0.6 Unarmed Combat
 + Level 5.0 Spellcasting
 + Level 0.4 Conjurations
 + Level 0.4 Hexes
 + Level 0.4 Summonings
 + Level 0.4 Necromancy
 + Level 0.4 Translocations
 + Level 0.4 Transmutations
 + Level 0.4 Fire Magic
 + Level 0.4 Ice Magic
 + Level 8.7 Air Magic
 + Level 0.4 Earth Magic
 + Level 0.4 Poison Magic
 + Level 0.8 Invocations
 + Level 0.6 Evocations


You had 11 spell levels left.
You knew the following spells:

 Your Spells              Type           Power      Damage    Failure   Level
a - Shock                 Conj/Air       48%        1d6       3%          1

Your spell library contained the following spells:

 Spells                   Type           Power      Damage    Failure   Level
 Vhi's Electric Charge    Tloc/Air       24%        N/A       10%         3
 Kindle Blastsparks       Fire/Tloc/Air  18%        2d11      17%         3


Dungeon Overview and Level Annotations

Branches:
Dungeon (1/15)

Altars:

Annotations:
D:2 Robin


Innate Abilities, Weirdness & Mutations

You have very sharp teeth.
Your uncanny sense of smell can sniff out nearby items.
Your experience applies equally to all skills.


Message History

A hobgoblin comes into view.
Robin of the Strong Arm comes into view.
They are wielding a +0 club.
A goblin comes into view.
It is wielding a +0 club. 2 hobgoblins come into view.
Robin shouts!
The hobgoblin shouts!
The goblin closely misses you. Robin throws the goblin at you!
The goblin hits you with a +0 club.
The hobgoblin moves out of view.
You hit the goblin.
You kill the goblin!
The goblin misses you.
A goblin comes into view. It is wielding a +0 club. x2
Robin throws the goblin at you! The goblin misses you.
You see here a +0 club.
You closely miss the goblin. Your punch misses the goblin.
Your bite misses the goblin. The goblin hits you but does no damage.
The goblin closely misses you. x2; The goblin hits you with a +0 club.
You barely miss the goblin.
Robin roars a battlecry!
The goblins go into a battle-frenzy!
The goblin closely misses you. The goblin completely misses you.
The goblin shouts!
You hit the goblin but do no damage. The goblin hits you with a +0 club.
The goblin misses you.
A goblin comes into view. It is wielding a +0 dagger.
You hit the goblin.
You kill the goblin!
Robin throws the goblin at you! The goblin hits you with a +0 club.
The goblin closely misses you. The goblin hits you with a +0 club. x2
* * * LOW HITPOINT WARNING * * *
Your Spellcasting skill increases to level 5!
You have reached level 3!
Your experience leads to an increase in your attributes!
Increase (S)trength, (I)ntelligence, or (D)exterity?
You feel stronger. x2
As you read the scroll labelled WAYSYNWEMI, it crumbles to dust.
It is a scroll of identify.
e - a scroll of poison Robin roars a battlecry!
The goblin hits you with a +0 club.
You die... g.. #.. #.# gg. ##.## ggg

#g# #g# ∆ #@# ## #
#g######## ...
#.#........#....
####.######........
...................
####.............##
#.......#........#
#....##.#........#
#.......#........#


You could see Robin, 3 hobgoblins and 4 goblins.

Vanquished Creatures
  2 endoplasms (D:1)
  4 giant cockroaches (D:1)
  5 goblins
  A hobgoblin (D:1)
  A quokka (D:1)
  2 ball pythons (D:1)
  2 bats
  A frilled lizard (D:2)
  A kobold (D:1)
  A rat (D:1)
20 creatures vanquished.

Notes
Turn   | Place    | Note
-------+----------+-------------------------------------------
     0 | D:1      | wormed the Gnoll Wanderer began the quest for the Orb.
     0 | D:1      | wormed set off with the following items: a +0 mace, a +0
                  | cloak, a scroll of vulnerability, a +0 robe; and the
                  | following spell memorised: Shock; and the following spells
                  | available to memorise: Vhi's Electric Charge, Kindle
                  | Blastsparks.
     0 | D:1      | Reached XP level 1. HP: 13/13 MP: 6/6
   191 | D:1      | Reached XP level 2. HP: 19/19 MP: 1/7
   580 | D:1      | You fall into a shaft and drop 1 floor!
   672 | D:2      | Noticed Robin
   680 | D:2      | Reached skill level 5 in Spellcasting
   680 | D:2      | Reached XP level 3. HP: 5/25 MP: 7/9
   680 | D:2      | Slain by a goblin

Illustrated notes

Levels and vault maps discovered:
D:1:      dpeg_arrival_water_temple_mockup, layout_loops_ring,
          nrook_mini_backslash
D:2:      layout_basic, minmay_hexomino_u4, uniq_robin

Skill      XL: |  1  2 |
---------------+-------+-----
Spellcasting   | 5 |  5.0
Fighting       | |  0.6
Short Blades   | |  0.6
Long Blades    | |  0.6
Axes           | |  0.6
Maces & Flails | |  2.5
Polearms       | |  0.6
Staves         | |  0.6
Ranged Weapons | |  0.6
Throwing       | |  0.6
Armour         | |  0.6
Dodging        | |  4.5
Stealth        | |  0.6
Shields        | |  0.6
Unarmed Combat | |  0.6
Conjurations   | |  0.4
Hexes          | |  0.4
Summonings     | |  0.4
Necromancy     | |  0.4
Translocations | |  0.4
Transmutations | |  0.4
Fire Magic     | |  0.4
Ice Magic      | |  0.4
Air Magic      | |  8.7
Earth Magic    | |  0.4
Poison Magic   | |  0.4
Invocations    | |  0.8
Evocations     | |  0.6

Action                   || total
-------------------------++-------
Melee: Mace              ||    45
       Bite              ||     2
       Punch             ||     1
 Cast: Shock             ||    12
  Use: Scroll            ||     1
 Stab: Sleeping          ||     2
Armor: Robe              ||    17
Dodge: Dodged            ||    43

Table legend: (Time is in decaauts)
 A = Elapsed time spent in this place.
 B = Non-inter-level travel time spent in this place.
 C = Inter-level travel time spent in this place.
 D = Time resting spent in this place.
 E = Time spent auto-exploring this place.
 F = Levels seen in this place.
 G = Mean time per level.
                   A        B        C        D        E       F      G
               +--------+--------+--------+--------+--------+-----+--------+
         Total |    692 |    692 |      0 |      0 |    542 |   2 |  346.0 |
       Dungeon |    692 |    692 |      0 |      0 |    542 |   2 |  346.0 |
               +--------+--------+--------+--------+--------+-----+--------+

Top non-repeatable levels by time:
     D:1: 587 daAuts
     D:2: 104 daAuts
